 Dungeon Crawl Stone Soup version 0.27.1 (webtiles) character file.

Game seed: 11892424273840900658

52514 Atelerd the Covert (level 14, -3/110 HPs)
             Began as an Octopode Earth Elementalist on Aug 27, 2021.
             Was a Priest of Sif Muna.
             Slain by a killer bee (6 damage)
             ... on level 6 of the Lair of Beasts.
             The game lasted 01:09:11 (29999 turns).

Atelerd the Covert (Octopode Earth Elementalist)   Turns: 29999, Time: 01:09:11

Health: -3/110     AC: 26    Str:  7    XL:     14   Next: 64%
Magic:  8/38       EV: 13    Int: 33    God:    Sif Muna [***...]
Gold:   2540       SH:  5    Dex: 13    Spells: 9/36 levels left

rFire    . . .     SeeInvis +   F - +8 short sword of Heab {pain, *Corrode Int+5}
rCold    . . .     Faith    .   P - +0 buckler {AC+3}
rNeg     + . .     Spirit   .   (helmet restricted)
rPois    ∞         Reflect  .   (no amulet)
rElec    +         Harm     .   d - ring of magical power
rCorr    +         Rampage  .   n - ring of see invisible
Will     +....                  r - ring of resist corrosion
Stlth    ++++++....             o - +6 ring of intelligence
HPRegen  0.28/turn              H - ring of wizardry
MPRegen  0.26/turn              (no ring)
                                (no ring)
                                (no ring)

@: statue-form, corroded, very slow
A: slow and powerful, torment resistance 1, boosted hp, almost no armour,
amphibious, 8 rings, camouflage 1, (gelatinous body 1), (nimble swimmer 1),
tentacles
a: End Transformation, Renounce Religion, Channel Magic, Forget Spell


You were on level 6 of the Lair of Beasts.
You worshipped Sif Muna.
Sif Muna was most pleased with you.
You were a living statue of rough stone.
You visited 3 branches of the dungeon, and saw 20 of its levels.

You collected 2858 gold pieces.
You spent 318 gold pieces at shops.

Inventory:

Hand Weapons
 g - a +0 short sword
 j - a +3 dagger
 m - a +4 dagger
 F - the +8 short sword of Heab (weapon) {pain, *Corrode Int+5}
   (You found it on level 9 of the Dungeon)

   In the hands of one skilled in necromantic magic, it inflicts extra damage on
   living creatures.
   Int:       It affects your intelligence (+5).
   *Corrode:  It may corrode you when you take damage.
Missiles
 b - 294 stones
Armour
 P - a +0 buckler of protection (worn)
Magical Staves
 C - a staff of conjuration
Jewellery
 d - a ring of magical power (left tentacle)
 h - a ring of fire
 n - a ring of see invisible (right tentacle)
 o - a +6 ring of intelligence (on tentacle)
 r - a ring of resist corrosion (on tentacle)
 D - a ring of fire
 H - a ring of wizardry (on tentacle)
 N - an amulet of the acrobat
 Q - a ring of fire
Wands
 q - a wand of flame (110)
 u - a wand of digging (14)
 y - a wand of polymorph (20)
 z - a wand of mindburst (14)
 T - a wand of acid (10)
 V - a wand of iceblast (11)
Scrolls
 c - 4 scrolls of fog
 e - 5 scrolls of enchant weapon
 f - 2 scrolls of blinking
 k - 2 scrolls of enchant armour
 l - 7 scrolls of teleportation
 p - 4 scrolls of brand weapon
 s - 3 scrolls of fear
 J - a scroll of amnesia
 L - a scroll of torment
 M - 2 scrolls of magic mapping
 O - a scroll of noise {unknown}
 U - 7 scrolls of identify
 W - a scroll of vulnerability {unknown}
Potions
 a - 5 potions of ambrosia
 i - 5 potions of mutation
 t - 4 potions of haste
 v - 2 potions of cancellation
 w - a potion of heal wounds
 x - 2 potions of might
 B - 3 potions of attraction
 E - 2 potions of brilliance
 G - 6 potions of curing
 I - 3 potions of degeneration {unknown}
 K - a potion of berserk rage
 R - a potion of magic {unknown}
 S - 3 potions of lignification {unknown}


   Skills:
 - Level 4.0 Fighting
 - Level 6.0 Short Blades
 - Level 5.0 Dodging
 - Level 14.0 Stealth
 - Level 7.0 Shields
 + Level 11.7 Spellcasting
 - Level 5.0 Conjurations
 - Level 4.0 Transmutations
 - Level 5.0 Air Magic
 + Level 10.6 Earth Magic
 - Level 10.0 Invocations
 - Level 4.0 Evocations


You had 9 spell levels left.
You knew the following spells:

 Your Spells              Type           Power      Damage    Failure   Level
a - Sandblast             Erth           100%       2d20      1%          1
b - Petrify               Tmut/Erth      61%        N/A       1%          4
c - Stone Arrow           Conj/Erth      100%       3d13      1%          3
d - Airstrike             Air            25%        N/A       1%          4
e - Iron Shot             Conj/Erth      31%        9d6       6%          6
f - Swiftness             Air            51%        N/A       1%          3
s - Statue Form           Tmut/Erth      40%        N/A       8%          6

Your spell library contained the following spells:

 Spells                   Type           Power      Damage    Failure   Level
 Foxfire                  Conj/Fire      100%       2x1d9     1%          1
 Shock                    Conj/Air       100%       1d9       1%          1
 Summon Small Mammal      Summ           76%        N/A       1%          1
 Blink                    Tloc           N/A        N/A       1%          2
 Passwall                 Tmut/Erth      50%        N/A       1%          2
 Slow                     Hex            19%        N/A       1%          2
 Conjure Flame            Conj/Fire      35%        6-21      1%          3
 Dazzling Flash           Conj/Hex       70%        N/A       1%          3
 Call Canine Familiar     Summ           19%        N/A       2%          3
 Confusing Touch          Hex            19%        N/A       2%          3
 Inner Flame              Hex/Fire       19%        N/A       2%          3
 Ozocubu's Armour         Ice            19%        N/A       2%          3
 Summon Guardian Golem    Hex/Summ       19%        N/A       2%          3
 Vampiric Draining        Necr           9%         2d7       2%          3
 Iskenderun's Mystic Bla  Conj/Tloc      35%        2d8       3%          4
 Blade Hands              Tmut           22%        N/A       5%          5
 Manifold Assault         Tloc           19%        N/A       26%         5
 Metabolic Englaciation   Hex/Ice        9%         N/A       26%         5
 Starburst                Conj/Fire      17%        6d6       45%         6
 Storm Form               Tmut/Air       24%        N/A       75%         7
 Ozocubu's Refrigeration  Ice            9%         4d6       100%        7
 Animate Armour           Summ/Erth      Unusable   N/A       N/A         4

Dungeon Overview and Level Annotations

Branches:
Dungeon (13/15)            Temple (1/1) D:7            Lair (6/6) D:9
 Shoals (0/4) Lair:3        Snake (0/4) Lair:3          Orc (0/2) D:11
  Slime: Lair:5-6    Vaults: D:13-14

Altars:
Ashenzari
Cheibriados
Dithmenos
Elyvilon
Fedhas
Gozag
Hepliaklqana
Kikubaaqudgha
Makhleb
Nemelex Xobeh
Okawaru
Sif Muna
Trog
Uskayaw
Vehumet
Wu Jian
Xom
Yredelemnul
Zin
The Shining One

Shops:
D:3 *   D:4 (   D:10 !

Annotations:
D:1 exclusion: downstairs
D:7 2 transporters, H0rd4k's ghost, novice BaSu
D:9 1 runed translucent door, exclusion: downstairs
Lair:5 exclusion: downstairs


Innate Abilities, Weirdness & Mutations

You are a living statue of rough stone.
Your actions are slow, but your melee attacks are powerful.
You are resistant to unholy torment.
Your maximum health is greatly increased.
You are immune to poison.
You cannot wear most types of armour.
You are amphibious.
You can wear up to eight rings at the same time.
Your skin changes colour to match your surroundings (Stealth+).
((Your rubbery body absorbs attacks. (AC +1, EV +1)))
((You are camouflaged near water. (Stealth+)))
You have tentacles for arms and can constrict up to eight enemies at once.


Message History

Confirm with . or Enter, or press ? or * to list all spells.
Aiming: Airstrike (mildly dangerous; 1% risk of failure)
Press: ? - help, Dir - move target, f - killer bee
Aim: a killer bee (almost dead, berserk)
The air twists around and strikes the killer bee!
You kill the killer bee!
Sif Muna accepts your kill.
You hear an angry buzzing noise.
You block the killer bee's attack.
You hear an angry buzzing noise.
Unknown command.
Casting: Airstrike (mildly dangerous; 1% risk of failure)
Confirm with . or Enter, or press ? or * to list all spells.
Aiming: Airstrike (mildly dangerous; 1% risk of failure)
Press: ? - help, Dir - move target, f - killer bee
Aim: a killer bee (berserk)
The air twists around and strikes the killer bee!
The killer bee is heavily wounded.
The killer bee closely misses you.
The killer bee rages.
The killer bee stings you!
* * * LOW HITPOINT WARNING * * *
The killer bee barely misses you. x2; You block the killer bee's attack.
The killer bee barely misses you.
The killer bee stings you but does no damage.
The killer bee barely misses you.
Unknown command.
Casting: Airstrike (mildly dangerous; 1% risk of failure)
Confirm with . or Enter, or press ? or * to list all spells.
Aiming: Airstrike (mildly dangerous; 1% risk of failure)
Press: ? - help, Dir - move target, f/p - killer bee
Aim: a killer bee (heavily wounded, berserk)
The air twists around and strikes the killer bee!
The killer bee is almost dead.
The killer bee barely misses you. The killer bee stings you!
* * * LOW HITPOINT WARNING * * *
The killer bee barely misses you. The killer bee stings you.
* * * LOW HITPOINT WARNING * * *
The killer bee closely misses you. The killer bee stings you.
You die...

#........######..........##
#.........##.#P...........#
###..........#..........###
###.#P#÷.........(..### .
######.......P...## ..
####....#.### ######
#.#....## #..P.##
#.#.#y..####.....##
####8y..P#........##
#..#.............#
#####.†.........##
#...†..####### ##P†...# .#
##...†# ..# #.....#


y!! ##...y†# yy ##.....)#.##### You could see 2 killer bees.

Vanquished Creatures
  Erolcha (D:12)
  2 boulder beetles
  A catoblepas (Lair:4)
  6 hydras
  A two-headed ogre (D:12)
  Erica (Lair:2)
  Sonja (Lair:3)
  Pikel (D:4)
  An ugly thing (D:11)
  3 deep elf pyromancers
  2 manticores (D:8)
  2 cyclopes (D:11)
  11 elephants (Lair:3)
  4 black mambas
  11 cane toads
  A torpor snail (Lair:4)
  A rime drake (Lair:1)
  7 komodo dragons
  An unseen horror (D:11)
  Maggie (D:7)
  A tengu conjurer (D:11)
  4 trolls (D:8)
  2 merfolk
  A queen bee (Lair:6)
  Prince Ribbit (D:5)
  2 meliai (Lair:6)
  9 blink frogs
  A polar bear (Lair:4)
  4 dream sheep (Lair:5)
  2 shadows (D:11)
  2 wraiths
  A vampire (D:13)
  46 yaks
  Grum (D:10)
  10 wyverns
  4 basilisks
  2 hogs (D:8)
  A steam dragon (D:4)
  14 vampire mosquitoes
  Edmund (D:3)
  6 nagas (Lair:3)
  12 water moccasins
  2 acid dragons
  An ice beast (D:5)
  3 sky beasts
  An orc warrior (D:7)
  8 black bears (D:8)
  7 necrophages
  23 wolves
  16 centaurs
  3 phantoms
  4 ogres
  5 kobold brigands (D:8)
  28 bullfrogs
  2 gnoll sergeants
  3 scorpions
  2 wyvern zombies
  A troll zombie (D:11)
  17 killer bees
  5 wights
  9 electric eels
  2 howler monkeys
  2 centaur zombies
  3 jellies
  2 gnoll shamans (D:8)
  5 orc priests
  3 hounds
  2 centaur skeletons
  An iguana (D:6)
  A scorpion zombie (D:5)
  7 orc wizards
  A killer bee zombie (D:7)
  5 ogre zombies (D:11)
  A mummy (D:12)
  3 howler monkey zombies
  A howler monkey skeleton (D:7)
  4 adders
  11 gnolls
  A shadow imp (D:6)
  3 white imps
  2 ufetubi
  A worm (D:3)
  21 orcs
  5 bats
  3 endoplasms
  3 giant cockroaches
  2 goblins
  4 hobgoblins
  6 jackals
  13 kobolds
  5 quokkas
  4 ball pythons
  3 frilled lizards (D:1)
  A goblin skeleton (D:11)
  4 goblin zombies (D:11)
  A hobgoblin skeleton (D:11)
  2 orc skeletons (D:11)
  11 orc zombies (D:11)
  5 rats (D:1)
480 creatures vanquished.

Vanquished Creatures (others)
  2 bushes
  40 fungi
  84 plants
  A withered plant (D:12)
127 creatures vanquished.

Grand Total: 607 creatures vanquished

Notes
Turn   | Place    | Note
-------+----------+-------------------------------------------
     0 | D:1      | Atelerd the Octopode Earth Elementalist began the quest for
                  | the Orb.
     0 | D:1      | Reached XP level 1. HP: 11/11 MP: 3/3
   606 | D:1      | Reached XP level 2. HP: 14/17 MP: 5/5
   607 | D:1      | Reached skill level 3 in Stealth
   959 | D:1      | Found a faded altar of an unknown god.
  1191 | D:1      | Reached XP level 3. HP: 21/21 MP: 6/6
  1231 | D:1      | You fall into a shaft and drop 1 floor!
  2000 | D:2      | You fall into a shaft and drop 2 floors!
  2000 | D:4      | Noticed Pikel
  2000 | D:4      | Noticed a lemure
  2000 | D:4      | Noticed a lemure
  2000 | D:4      | Noticed a lemure
  2000 | D:4      | Noticed a lemure
  2227 | D:3      | Reached XP level 4. HP: 11/27 MP: 8/8
  2788 | D:3      | Found Iraclut's General Store.
  2881 | D:3      | Reached skill level 4 in Stealth
  2881 | D:3      | Reached XP level 5. HP: 22/31 MP: 10/10
  3108 | D:4      | Noticed Edmund
  3216 | D:3      | Learned a level 4 spell: Petrify
  3546 | D:3      | Killed Edmund
  3547 | D:3      | Reached skill level 1 in Short Blades
  3547 | D:3      | Reached XP level 6. HP: 36/36 MP: 3/11
  3773 | D:4      | Reached skill level 5 in Stealth
  3818 | D:4      | Found a large runed translucent door.
  3819 | D:4      | Found a large runed translucent door.
  3819 | D:4      | Found a shimmering altar of Xom.
  3833 | D:5      | Entered Level 5 of the Dungeon
  4278 | D:4      | Found Siuwex's Weapon Shop.
  4357 | D:4      | Noticed a steam dragon
  4363 | D:4      | Killed Pikel
  4364 | D:4      | Reached XP level 7. HP: 34/41 MP: 14/16
  4374 | D:4      | Killed a steam dragon
  4375 | D:4      | Reached XP level 8. HP: 21/46 MP: 4/18
  4972 | D:5      | Reached skill level 1 in Fighting
  5325 | D:5      | Reached skill level 5 in Earth Magic
  5352 | D:5      | Noticed Prince Ribbit
  5370 | D:5      | Killed Prince Ribbit
  5371 | D:5      | Reached XP level 9. HP: 54/54 MP: 8/19
  6267 | D:3      | Bought a scroll of blinking for 105 gold pieces
  6267 | D:3      | Bought a potion of heal wounds for 70 gold pieces
  6507 | D:5      | Reached skill level 6 in Stealth
  7274 | D:7      | Noticed Maggie
  7286 | D:7      | Killed Maggie
  7394 | D:7      | Learned a level 3 spell: Stone Arrow
  7422 | D:7      | Reached skill level 7 in Stealth
  7441 | D:7      | Noticed a deep elf pyromancer
  7448 | D:7      | Reached XP level 10. HP: 44/63 MP: 22/22
  7459 | D:7      | Killed a deep elf pyromancer
  7460 | D:7      | Reached skill level 8 in Stealth
  7889 | D:7      | Reached skill level 5 in Dodging
  8000 | D:7      | Found a snail-covered altar of Cheibriados.
  8135 | D:7      | Found a transporter.
  8144 | D:7      | Noticed H0rd4k's ghost (novice BaSu)
  8148 | D:7      | Noticed a moth of wrath
  8162 | D:7      | Found a transporter.
  8378 | D:7      | Learned a level 4 spell: Airstrike
  8396 | D:7      | Found a staircase to the Ecumenical Temple.
  8588 | Temple   | Entered the Ecumenical Temple
  8624 | Temple   | Became a worshipper of Sif Muna the Loreminder
  9017 | D:8      | Reached skill level 1 in Air Magic
  9017 | D:8      | Reached skill level 1 in Invocations
  9721 | D:8      | Found a shimmering blue altar of Sif Muna.
  9916 | D:8      | Reached * piety under Sif Muna
 10095 | D:8      | Noticed a manticore
 10103 | D:8      | Reached skill level 5 in Invocations
 10108 | D:8      | Reached skill level 5 in Air Magic
 10358 | D:8      | Killed a manticore
 10359 | D:8      | Reached XP level 11. HP: 33/69 MP: 24/24
 10549 | D:8      | Reached skill level 1 in Conjurations
 11140 | D:8      | Noticed a manticore
 11157 | D:8      | HP: 3/69 [manticore (1)]
 11158 | D:8      | HP: 1/69 [manticore (2)]
 11161 | D:8      | Killed a manticore
 12062 | D:8      | Learned a level 6 spell: Iron Shot
 13191 | D:9      | Identified the +8 short sword of Heab {pain, *Corrode
                  | Int+5}
 13326 | D:9      | Found a staircase to the Lair.
 13424 | D:9      | Found a runed translucent door.
 13508 | D:9      | Reached skill level 9 in Stealth
 13819 | D:10     | Entered Level 10 of the Dungeon
 14025 | D:10     | Noticed Grum
 14041 | D:10     | Reached skill level 5 in Short Blades
 14043 | D:10     | Killed Grum
 14503 | D:10     | Identified a scroll of acquirement
 14505 | D:10     | Acquired 625 gold pieces
 14508 | D:10     | Found Pakauhot's Distillery.
 14570 | D:10     | Bought a potion of curing for 39 gold pieces
 14570 | D:10     | Bought a potion of heal wounds for 65 gold pieces
 14570 | D:10     | Bought a potion of curing for 39 gold pieces
 15310 | D:11     | Noticed a cyclops
 15315 | D:11     | Killed a cyclops
 15315 | D:11     | Noticed a purple ugly thing
 15317 | D:11     | Noticed a cyclops
 15325 | D:11     | Killed a cyclops
 15351 | D:11     | Killed a purple ugly thing
 15762 | D:11     | Reached XP level 12. HP: 56/74 MP: 2/25
 15848 | D:11     | Reached ** piety under Sif Muna
 15972 | D:11     | Identified the +12 mace of Subjectivity {drain, rN+}
 16000 | D:11     | Found a staircase to the Orcish Mines.
 16256 | D:11     | Noticed a five-headed hydra
 16268 | D:11     | Killed a five-headed hydra
 16269 | D:11     | Reached skill level 10 in Stealth
 17248 | D:12     | Reached skill level 10 in Spellcasting
 17402 | D:12     | Acquired 856 gold pieces
 17636 | D:12     | Noticed a two-headed ogre
 17641 | D:12     | Killed a two-headed ogre
 17642 | D:12     | Reached skill level 1 in Shields
 17748 | D:12     | Noticed a six-headed hydra
 17760 | D:12     | Killed a six-headed hydra
 17885 | D:12     | Reached skill level 5 in Conjurations
 18304 | D:12     | Noticed Erolcha
 18313 | D:12     | Killed Erolcha
 18581 | D:13     | Reached skill level 11 in Stealth
 18921 | D:13     | Noticed a boulder beetle
 18929 | D:13     | Killed a boulder beetle
 19015 | D:13     | Noticed a two-headed ogre
 19017 | D:13     | Noticed a death knight
 19183 | Lair:1   | Entered Level 1 of the Lair of Beasts
 19193 | Lair:1   | Reached skill level 12 in Stealth
 19434 | Lair:1   | Noticed a five-headed hydra
 19464 | Lair:1   | Killed a five-headed hydra
 19465 | Lair:1   | Reached skill level 13 in Stealth
 19465 | Lair:1   | Reached XP level 13. HP: 27/79 MP: 26/27
 19895 | Lair:1   | Reached skill level 14 in Stealth
 19899 | Lair:1   | Learned a level 3 spell: Swiftness
 20438 | Lair:1   | Reached skill level 1 in Evocations
 20444 | Lair:1   | You fall into a shaft and drop 1 floor!
 20772 | Lair:2   | Noticed Erica
 20783 | Lair:2   | Killed Erica
 20869 | Lair:2   | Reached *** piety under Sif Muna
 22909 | Lair:3   | Found a staircase to the Snake Pit.
 23160 | Lair:3   | Found a staircase to the Shoals.
 23476 | Lair:3   | Noticed Sonja
 23479 | Lair:3   | Killed Sonja
 23743 | Lair:3   | Reached skill level 5 in Shields
 24306 | Lair:3   | Reached XP level 14. HP: 82/85 MP: 4/28
 26578 | Lair:4   | Reached skill level 10 in Earth Magic
 28297 | Lair:6   | Entered Level 6 of the Lair of Beasts
 29007 | Lair:6   | Reached skill level 10 in Invocations
 29203 | Lair:6   | Learned a level 6 spell: Statue Form
 29999 | Lair:6   | HP: 4/110 [killer bee (12)]
 29999 | Lair:6   | Slain by a killer bee

Illustrated notes

Levels and vault maps discovered:
D:1:      psy_arrival_dodecagon, layout_loops_ring,
          dilly_ecumenical_altar_fadedgnrine
D:2:      layout_loops_cross, minmay_curled_crystal,
          minmay_fractal_squares_gapless_5
D:3:      layout_loops_ring, serial_shops, nicolae_lakefront_shop,
          chequers_serial_rivers_small_b
D:4:      due_chaos_kobolds, layout_basic, serial_shops, shop, uniq_edmund,
          uniq_pikel
D:5:      layout_rooms, grunt_decor_clamped, uniq_prince_ribbit1
D:6:      layout_layer_cave
D:7:      cheibrodos_barr_body, layout_basic, amcnicky_altar_gilded,
          minmay_temple_entry_waves, gammafunk_ghost_berserking_beasts,
          uniq_maggie
D:8:      kennysheep_town, serial_shops
D:9:      layout_loops_ring, lair_entry_dummy, minmay_st_funbox
D:10:     layout_small_grid, serial_shops, nicolae_lakefront_shop,
          chequers_mini_garden, uniq_grum
D:11:     layout_loops_ring, zombieorc1_lemuel, kennysheep_generic_room_9
D:12:     layout_roguey, serial_undead, serial_undead_d, serial_undead_d,
          serial_undead_c, serial_undead_b, serial_undead_f, uniq_erolcha
D:13:     four-leaf_vault, layout_loops_cross, david_vaults_4,
          gammafunk_ghost_ooze, minivault_23
Temple:   nicolae_temple_the_god_donut
Lair:1:   layout_roguey, nzn_sisyphean_effort, grunt_megastairs_5,
          serial_bayou_shore_b
Lair:2:   layout_regular_city, uniq_erica
Lair:3:   layout_roguey, elwin_shoals_entry_rooms,
          minmay_snake_entry_guardpost_medium, uniq_sonja
Lair:4:   layout_gridlike, nzn_random_ring
Lair:5:   layout_roguey, grunt_forest_small_clearing_treed
Lair:6:   guppyfry_lair_end_dragon, layout_cave_pods, wormcave, slime_altar_2,
          special_room [special_room_bee], infiniplex_staircase_pool_2

Skill      XL: |  1  2  3  4  5  6  7  8  9 10 11 12 13 14 |
---------------+-------------------------------------------+-----
Stealth        | 3 4 5 7 8 9 13 14 | 14.0
Spellcasting   | 3 6 7 8 9 10 11 | 11.7
Transmutations | 2 3 4 |  4.0
Short Blades   | 1 2 3 4 5 6 |  6.0
Earth Magic    | 4 6 7 8 9 10 | 10.6
Fighting       | 2 4 |  4.0
Dodging        | 4 5 |  5.0
Air Magic      | 5 |  5.0
Invocations    | 5 6 8 9 10 | 10.0
Conjurations   | 3 5 |  5.0
Shields        | 4 5 7 |  7.0
Evocations     | 4 |  4.0

Action                   |  1- 3 |  4- 6 |  7- 9 | 10-12 | 13-15 || total
-------------------------+-------+-------+-------+-------+-------++-------
Melee: Unarmed           |    12 |       |       |       |       ||    12
       Constrict         |    10 |     4 |    12 |    54 |    16 ||    96
       Tentacles         |     7 |     3 |    12 |    54 |    28 ||   104
       Short sword       |    25 |       |       |   134 |   157 ||   316
       Dagger            |       |    22 |    76 |   158 |       ||   256
 Cast: Sandblast         |    25 |    41 |    67 |    74 |     7 ||   214
       Petrify           |       |     3 |    34 |   106 |   104 ||   247
       Airstrike         |       |       |       |   168 |   282 ||   450
       Iron Shot         |       |       |       |    12 |    60 ||    72
       Statue Form       |       |       |       |       |     6 ||     6
       Swiftness         |       |       |       |       |     1 ||     1
Invok: Channel Magic     |       |       |       |    15 |    24 ||    39
  Use: Potion            |       |       |     3 |     2 |     3 ||     8
       Scroll            |       |       |     6 |    17 |     3 ||    26
 Stab: Sleeping          |     9 |     4 |     8 |    15 |     4 ||    40
       Petrified         |       |    14 |    28 |    89 |    55 ||   186
       Petrifying        |       |       |     1 |     7 |     6 ||    14
Armor: Skin              |     3 |     1 |     3 |    20 |   122 ||   149
Dodge: Dodged            |    28 |    19 |    62 |   248 |   237 ||   594
Block: Buckler           |       |       |       |       |    83 ||    83
